[ AOE2 MATCH · #505580651 ]
UnrankedTeutons vs Armenians
Player's team · WIN
Rival team · LOSS
[ REPLAY ANALYSIS · EXTRACTED FROM THE RECORDED GAME ]
Feudal
8:51
Castle
23:25
Imperial
28:50
| APM avg | 33.8 |
| APM peak | 76 |
| eAPM avg | 19.3 |
| Villagers / military | 84 / 38 |
Focus
⚔️ 33.5% · 🌾 66.5%
Knight ×18 · Skirmisher ×13 · Teutonic Knight ×4 · Trebuchet (Packed) ×3
Feudal
11:00
Castle
15:28
Imperial
—
| APM avg | 35.2 |
| APM peak | 70 |
| eAPM avg | 19.1 |
| Villagers / military | 58 / 18 |
Focus
⚔️ 33.7% · 🌾 66.3%
Composite Bowman ×12 · Petard ×2 · Battering Ram ×2 · Mangonel ×1 · Warrior Priest ×1
Match map
Initial resources + every placement click. Lines = walls · curves = elevation contours. ◆ gold · ⬟ stone · ● berries · ✦ relic · ◌ wall gap
Your base· ✓ Closed at 23:25 · 2t walls · 3 gate(s)
PEPPA's base· ✓ Closed at 15:28 · 16t walls · 2 gate(s)
Smoothed initial terrain · ◌ = detected wall gap · hover for details
Inputs per minute
— TheHornyGuy - - PEPPA
Build order — TheHornyGuy
First 150 of 231 actions detected
| 0:00 | Queue | Villager (Male) |
| 0:00 | Queue | Villager (Male) |
| 0:00 | Queue | Villager (Male) |
| 0:01 | Queue | Villager (Male) |
| 0:01 | Queue | Villager (Male) |
| 0:02 | Build | House |
| 0:04 | Build | House |
| 1:31 | Queue | Villager (Male) |
| 1:31 | Queue | Villager (Male) |
| 1:47 | Build | Lumber Camp |
| 2:06 | Queue | Villager (Male) |
| 2:06 | Queue | Villager (Male) |
| 2:06 | Queue | Villager (Male) |
| 2:36 | Queue | Villager (Male) |
| 2:37 | Queue | Villager (Male) |
| 2:50 | Build | House |
| 3:09 | Queue | Villager (Male) |
| 3:09 | Queue | Villager (Male) |
| 3:09 | Queue | Villager (Male) |
| 3:38 | Queue | Villager (Male) |
| 3:38 | Queue | Villager (Male) |
| 3:58 | Queue | Villager (Male) |
| 4:47 | Build | Mill |
| 4:59 | Queue | Villager (Male) |
| 4:59 | Queue | Villager (Male) |
| 5:04 | Queue | Villager (Male) |
| 5:18 | Research | Loom |
| 6:24 | Research | Feudal Age |
| 6:24 | Research | Feudal Age |
| 6:29 | Build | Mining Camp |
| 7:42 | Build | House |
| 7:45 | Queue | Villager (Male) |
| 7:46 | Queue | Villager (Male) |
| 7:51 | Build | House |
| 8:19 | Queue | Villager (Male) |
| 8:51 | Age | Feudal Age |
| 8:52 | Build | Watch Tower |
| 9:29 | Queue | Villager (Male) |
| 9:49 | Queue | Villager (Male) |
| 10:00 | Build | Watch Tower |
| 10:08 | Queue | Villager (Male) |
| 10:17 | Build | Watch Tower |
| 10:36 | Queue | Villager (Male) |
| 10:38 | Build | Blacksmith |
| 11:13 | Queue | Villager (Male) |
| 11:36 | Queue | Villager (Male) |
| 11:37 | Queue | Villager (Male) |
| 11:37 | Queue | Villager (Male) |
| 11:45 | Research | Fletching |
| 11:47 | Build | House |
| 12:10 | Build | Watch Tower |
| 12:20 | Queue | Villager (Male) |
| 13:09 | Queue | Villager (Male) |
| 13:10 | Queue | Villager (Male) |
| 13:10 | Queue | Villager (Male) |
| 13:10 | Queue | Villager (Male) |
| 13:47 | Build | Watch Tower |
| 14:06 | Queue | Villager (Male) |
| 14:07 | Queue | Villager (Male) |
| 14:07 | Queue | Villager (Male) |
| 14:07 | Queue | Villager (Male) |
| 14:22 | Queue | Villager (Male) |
| 14:49 | Build | Watch Tower |
| 15:01 | Queue | Villager (Male) |
| 15:02 | Queue | Villager (Male) |
| 15:12 | Build | Farm |
| 15:12 | Build | Farm |
| 15:12 | Build | Farm |
| 15:12 | Build | Farm |
| 15:13 | Build | Farm |
| 15:13 | Build | Farm |
| 15:15 | Queue | Villager (Male) |
| 15:19 | Build | House |
| 15:50 | Build | Watch Tower |
| 16:00 | Queue | Villager (Male) |
| 16:15 | Build | Farm |
| 16:18 | Build | Farm |
| 17:10 | Queue | Villager (Male) |
| 17:14 | Build | Farm |
| 17:15 | Build | Farm |
| 17:17 | Build | Mining Camp |
| 17:24 | Build | Watch Tower |
| 17:32 | Queue | Villager (Male) |
| 17:38 | Build | Farm |
| 17:40 | Build | Farm |
| 17:42 | Build | Farm |
| 17:44 | Build | Farm |
| 18:12 | Build | Watch Tower |
| 18:15 | Queue | Villager (Male) |
| 18:15 | Queue | Villager (Male) |
| 18:19 | Build | Farm |
| 18:35 | Build | Watch Tower |
| 19:06 | Build | House |
| 19:14 | Build | Stone Wall |
| 19:15 | Build | Stone Wall |
| 19:37 | Build | Watch Tower |
| 19:45 | Queue | Villager (Male) |
| 19:49 | Build | Market |
| 20:03 | Build | Farm |
| 20:36 | Build | Farm |
| 20:45 | Research | Castle Age |
| 20:46 | Research | Castle Age |
| 21:16 | Research | Double-Bit Axe |
| 21:16 | Research | Double-Bit Axe |
| 21:51 | Queue | Villager (Male) |
| 21:53 | Queue | Villager (Male) |
| 22:21 | Build | Lumber Camp |
| 23:25 | Age | Castle Age |
| 23:30 | Build | Castle |
| 24:14 | Queue | Villager (Male) |
| 24:14 | Queue | Villager (Male) |
| 24:41 | Build | Watch Tower |
| 24:48 | Queue | Villager (Male) |
| 25:40 | Research | Imperial Age |
| 25:40 | Research | Imperial Age |
| 25:54 | Research | Town Watch |
| 26:04 | Research | Horse Collar |
| 26:05 | Research | Horse Collar |
| 26:24 | Build | Gate |
| 27:10 | Build | Barracks |
| 27:52 | Build | Watch Tower |
| 27:56 | Build | Lumber Camp |
| 28:12 | Build | Stable |
| 28:40 | Queue | Knight |
| 28:40 | Queue | Knight |
| 28:40 | Queue | Knight |
| 28:41 | Queue | Knight |
| 28:50 | Age | Imperial Age |
| 29:01 | Queue | Trebuchet (Packed) |
| 29:02 | Queue | Trebuchet (Packed) |
| 29:58 | Queue | Trebuchet (Packed) |
| 30:16 | Queue | Knight |
| 30:16 | Queue | Knight |
| 30:42 | Queue | Knight |
| 30:47 | Queue | Villager (Male) |
| 30:56 | Build | Mill |
| 30:57 | Build | Farm |
| 30:57 | Build | Farm |
| 30:58 | Build | Farm |
| 31:06 | Queue | Villager (Male) |
| 31:06 | Queue | Villager (Male) |
| 31:19 | Queue | Teutonic Knight |
| 31:26 | Queue | Villager (Male) |
| 31:35 | Build | Stone Wall |
| 31:43 | Build | House |
| 31:48 | Build | Mining Camp |
| 31:49 | Queue | Teutonic Knight |
| 32:10 | Build | Siege Workshop |
| 32:15 | Build | House |
| 32:15 | Build | House |
Build order — PEPPA
First 150 of 164 actions detected
| 0:01 | Queue | Villager (Male) |
| 0:01 | Queue | Villager (Male) |
| 0:01 | Queue | Villager (Male) |
| 0:03 | Build | House |
| 0:05 | Build | House |
| 0:10 | Build | House |
| 1:18 | Queue | Villager (Male) |
| 1:18 | Queue | Villager (Male) |
| 1:18 | Queue | Villager (Male) |
| 1:35 | Queue | Villager (Male) |
| 2:02 | Queue | Villager (Male) |
| 2:02 | Queue | Villager (Male) |
| 2:02 | Queue | Villager (Male) |
| 2:25 | Queue | Villager (Male) |
| 2:50 | Queue | Villager (Male) |
| 3:03 | Build | Mule Cart |
| 3:22 | Queue | Villager (Male) |
| 3:47 | Queue | Villager (Male) |
| 4:03 | Queue | Villager (Male) |
| 4:16 | Queue | Villager (Male) |
| 4:37 | Build | House |
| 4:40 | Research | Loom |
| 4:51 | Queue | Villager (Male) |
| 5:06 | Queue | Villager (Male) |
| 5:18 | Queue | Villager (Male) |
| 5:41 | Queue | Villager (Male) |
| 6:23 | Queue | Villager (Male) |
| 6:37 | Build | House |
| 6:41 | Queue | Villager (Male) |
| 6:47 | Build | Mill |
| 7:15 | Queue | Villager (Male) |
| 7:42 | Build | Farm |
| 7:52 | Queue | Villager (Male) |
| 7:54 | Build | Farm |
| 7:57 | Build | Farm |
| 8:16 | Build | Farm |
| 8:25 | Queue | Villager (Male) |
| 8:45 | Research | Feudal Age |
| 8:45 | Research | Feudal Age |
| 9:23 | Build | House |
| 9:55 | Build | Palisade Wall |
| 10:01 | Build | House |
| 10:17 | Build | Palisade Wall |
| 10:26 | Build | Palisade Wall |
| 10:45 | Build | Palisade Wall |
| 11:00 | Age | Feudal Age |
| 11:01 | Queue | Villager (Male) |
| 11:29 | Build | Market |
| 11:49 | Queue | Villager (Male) |
| 12:12 | Build | Blacksmith |
| 12:48 | Research | Castle Age |
| 12:49 | Research | Castle Age |
| 13:28 | Build | Mule Cart |
| 14:33 | Build | Stone Wall |
| 14:35 | Build | Stone Wall |
| 15:06 | Queue | Villager (Male) |
| 15:28 | Age | Castle Age |
| 16:02 | Queue | Villager (Male) |
| 16:28 | Build | Castle |
| 18:18 | Build | Stone Wall |
| 18:39 | Queue | Villager (Male) |
| 19:20 | Build | Stone Wall |
| 19:52 | Queue | Composite Bowman |
| 19:53 | Queue | Composite Bowman |
| 20:08 | Queue | Villager (Male) |
| 20:31 | Queue | Composite Bowman |
| 20:31 | Queue | Composite Bowman |
| 20:31 | Queue | Composite Bowman |
| 20:40 | Queue | Composite Bowman |
| 21:15 | Build | Farm |
| 21:21 | Queue | Composite Bowman |
| 21:28 | Queue | Petard |
| 21:28 | Queue | Petard |
| 21:40 | Build | Siege Workshop |
| 21:42 | Queue | Villager (Male) |
| 21:47 | Research | Fletching |
| 21:47 | Research | Fletching |
| 22:24 | Queue | Villager (Male) |
| 22:24 | Queue | Villager (Male) |
| 23:25 | Queue | Battering Ram |
| 23:26 | Queue | Villager (Male) |
| 23:26 | Queue | Villager (Male) |
| 23:26 | Queue | Villager (Male) |
| 24:20 | Queue | Mangonel |
| 24:23 | Queue | Villager (Male) |
| 24:40 | Queue | Composite Bowman |
| 24:40 | Queue | Composite Bowman |
| 24:50 | Queue | Villager (Male) |
| 24:52 | Build | Farm |
| 25:44 | Build | Town Center |
| 27:42 | Build | Farm |
| 27:43 | Build | Farm |
| 27:43 | Build | Farm |
| 28:06 | Build | Farm |
| 28:07 | Build | Farm |
| 28:21 | Queue | Composite Bowman |
| 28:21 | Queue | Composite Bowman |
| 28:21 | Queue | Composite Bowman |
| 28:25 | Build | House |
| 28:31 | Build | Gate |
| 29:21 | Build | House |
| 29:35 | Build | Market |
| 30:11 | Queue | Villager (Male) |
| 30:15 | Build | Town Center |
| 30:46 | Research | Bodkin Arrow |
| 31:03 | Build | Stone Wall |
| 31:35 | Queue | Villager (Male) |
| 31:50 | Queue | Villager (Male) |
| 31:50 | Queue | Villager (Male) |
| 31:52 | Build | Farm |
| 31:52 | Build | Farm |
| 31:52 | Build | Farm |
| 31:53 | Build | Farm |
| 31:53 | Build | Farm |
| 31:53 | Build | Farm |
| 31:54 | Build | Farm |
| 31:54 | Build | Farm |
| 31:55 | Build | House |
| 32:25 | Build | House |
| 32:26 | Build | House |
| 32:51 | Build | Mule Cart |
| 33:30 | Queue | Battering Ram |
| 33:57 | Build | House |
| 33:58 | Build | House |
| 34:06 | Build | Town Center |
| 34:23 | Queue | Villager (Male) |
| 34:24 | Queue | Villager (Male) |
| 34:26 | Build | House |
| 34:28 | Build | House |
| 34:36 | Build | Monastery |
| 35:18 | Queue | Warrior Priest |
| 35:40 | Research | Double-Bit Axe |
| 36:11 | Build | Farm |
| 36:12 | Build | Farm |
| 36:39 | Build | Farm |
| 36:48 | Queue | Villager (Male) |
| 36:48 | Queue | Villager (Male) |
| 36:48 | Queue | Villager (Male) |
| 37:01 | Build | Castle |
| 37:08 | Build | Farm |
| 37:10 | Queue | Villager (Male) |
| 37:19 | Queue | Villager (Male) |
| 37:36 | Build | Stone Wall |
| 37:37 | Build | Stone Wall |
| 37:38 | Build | Stone Wall |
| 37:40 | Build | Stone Wall |
| 37:41 | Build | Stone Wall |
| 37:47 | Build | Stone Wall |
| 37:49 | Build | Stone Wall |
| 37:51 | Build | Stone Wall |
Match timeline
| 8:51 | TheHornyGuy · age_up feudal |
| 9:55 | PEPPA · wall_segment Palisade Wall x3 |
| 10:17 | PEPPA · wall_segment Palisade Wall x4 |
| 10:26 | PEPPA · wall_segment Palisade Wall x7 |
| 10:45 | PEPPA · wall_segment Palisade Wall x1 |
| 11:00 | PEPPA · age_up feudal |
| 12:04 | PEPPA · first_market_buy 100 wood |
| 12:47 | PEPPA · first_market_sell 100 wood |
| 14:33 | PEPPA · wall_segment Stone Wall x1 |
| 14:35 | PEPPA · wall_segment Stone Wall x1 |
| 15:28 | PEPPA · age_up castle |
| 16:28 | PEPPA · first_building Castle |
| 18:18 | PEPPA · wall_segment Stone Wall x1 |
| 19:14 | TheHornyGuy · wall_segment Stone Wall x1 |
| 19:15 | TheHornyGuy · wall_segment Stone Wall x1 |
| 19:20 | PEPPA · wall_segment Stone Wall x7 |
| 21:40 | PEPPA · first_building Siege Workshop |
| 23:18 | TheHornyGuy · first_market_buy 100 stone |
| 23:25 | TheHornyGuy · age_up castle |
| 23:30 | TheHornyGuy · first_building Castle |
| 25:10 | TheHornyGuy · first_market_sell 100 wood |
| 27:10 | TheHornyGuy · first_building Barracks |
| 28:12 | TheHornyGuy · first_building Stable |
| 28:50 | TheHornyGuy · age_up imperial |
| 31:03 | PEPPA · wall_segment Stone Wall x1 |
| 31:35 | TheHornyGuy · wall_segment Stone Wall x2 |
| 32:10 | TheHornyGuy · first_building Siege Workshop |
| 33:35 | TheHornyGuy · first_building Archery Range |
| 34:36 | PEPPA · first_building Monastery |
| 37:36 | PEPPA · wall_segment Stone Wall x1 |
| 37:37 | PEPPA · wall_segment Stone Wall x1 |
| 37:38 | PEPPA · wall_segment Stone Wall x1 |
| 37:40 | PEPPA · wall_segment Stone Wall x1 |
| 37:41 | PEPPA · wall_segment Stone Wall x1 |
| 37:47 | PEPPA · wall_segment Stone Wall x1 |
| 37:49 | PEPPA · wall_segment Stone Wall x1 |
| 37:51 | PEPPA · wall_segment Stone Wall x1 |
| 39:50 | PEPPA · resign |
[ AI ANALYSIS · 1 CREDIT ]
What really happened in this match?
Wolo.gg analyzes every decision: build order, eco, micro, common mistakes by bracket. Personalized analysis on WhatsApp or Discord in 30 seconds.
Civ guide
Teutons
Perfil
Jugador #22614145